 Dungeon Crawl Stone Soup version 0.17-a0-1479-g4041c36 (webtiles) character file.

3089 Gobser the Skirmisher (level 9, -6/57 HPs)
             Began as a Demonspawn Chaos Knight on July 2, 2015.
             Mangled by a rust devil (9 damage)
             ... summoned by Xom
             ... on level 7 of the Dungeon on July 3, 2015.
             The game lasted 00:50:02 (8547 turns).

Gobser the Skirmisher (Demonspawn Chaos Knight)     Turns: 8547, Time: 00:50:02

Health: -6/57      AC: -19   Str: 16      XL:     9   Next: 59%
Magic:  4/9        EV: 14    Int: 12      God:    Xom [......]
Gold:   694        SH:  0    Dex: 13 (14) Spells: 1 memorised, 6 levels left

rFire  . . .     SeeInvis .     i - +8 quarterstaff (chaos)
rCold  + . .     Clarity  .     b - +3 leather armour
rNeg   + . .     SustAt   .     (no shield)
rPois  .         Gourm    .     f - +0 helmet
rElec  .         Spirit   .     j - +1 cloak
rCorr  .         Warding  .     (no gloves)
rMut   .         Rnd*Tele +     (no boots)
MR     .....                    (no amulet)
Stlth  +++++.....               q - ring of teleportation
                                D - ring of positive energy

@: corroded equipment, very slightly contaminated, not resistant to hostile
enchantments, quite stealthy
A: hooves 1, agile 1, blink 1, cold resistance 1, deformed body, demonic
guardian 1, dopey 1, frail 2, nightstalker 3, screaming 1
a: Blink, Renounce Religion, Evoke Teleportation


You were on level 7 of the Dungeon.
You worshipped Xom.
You were a very special plaything of Xom.
You were not hungry.

You visited 1 branch of the dungeon, and saw 7 of its levels.
You also visited: Ossuary.

You collected 694 gold pieces.

Inventory:

Hand weapons
 a - a +0 mace of chaos
 i - a +8 quarterstaff of chaos (weapon)
 k - a +0 hammer
Missiles
 m - 9 arrows of flame
 E - 10 exploding sling bullets
Armour
 b - a +3 leather armour (worn)
 f - a +0 helmet (worn)
 j - a +1 cloak (worn)
Jewellery
 n - an uncursed ring of magical power
 q - a ring of teleportation (right hand)
 A - an uncursed ring of flight
 D - a ring of positive energy (left hand)
Magical devices
 h - a wand of digging (5)
 u - a wand of frost (22)
 w - a wand of magic darts (15)
 y - a wand of fireball (4)
 F - a wand of teleportation (2)
Scrolls
 l - 4 scrolls of remove curse
 o - 4 scrolls of identify
 p - 3 scrolls of magic mapping
 r - 4 scrolls of teleportation
 t - a scroll of blinking
Potions
 d - a potion of curing
 e - a potion of haste
 v - a potion of brilliance
 x - a potion of might
 z - a potion of resistance
Books
 C - a Fen Folio

   Spells                             Type                      Level
   a - Corpse Rot                     Necromancy                   2
   b - Stone Arrow                    Conjuration/Earth            3
   c - Leda's Liquefaction            Hexes/Earth                  4
   d - Summon Forest                  Summoning/Translocation      5
   e - Hydra Form                     Transmutation                6
   f - Summon Hydra                   Summoning                    7
Comestibles
 c - 3 bread rations
 g - 2 beef jerkies
 s - a royal jelly
 B - 3 fruits


   Skills:
 * Level 7.2 Fighting
 - Level 3.2(5.5) Maces & Flails
 * Level 7.1(7.4) Staves
 + Level 3.5 Armour
 + Level 5.5 Dodging
 + Level 4.3 Stealth
 + Level 0.3 Spellcasting
 + Level 0.7 Necromancy
 + Level 1.0 Evocations


You had 6 spell levels left.
You knew the following spells:

 Your Spells              Type           Power        Failure   Level  Hunger
a - Corpse Rot            Necr           N/A          50%         2    ###....


Dungeon Overview and Level Annotations

Branches:
Dungeon (7/15)             Temple (0/1) D:6

Altars:
Fedhas
Gozag
Nemelex Xobeh
Sif Muna
Xom

Shops:
D:4 }


Innate Abilities, Weirdness & Mutations

You have large cloven feet.
A weak demonic guardian rushes to your aid.
You are completely attuned to the shadows.
You are agile. (Dex +2)
You can translocate small distances at will.
Your flesh is cold resistant.
Armour fits poorly on your strangely shaped body.
You are dopey. (Int -2)
You are very frail (-20% HP).
You occasionally shout uncontrollably at your foes.


Message History

You kick something.
Your iron imp barely misses something.
Something hits you. Something corrodes you!
You hit something but do no damage. Your kick misses something.
Something hits you.
* * * LOW HITPOINT WARNING * * *
Something corrodes you!
Your iron imp closely misses something.
Read which item? (? for menu, Esc to quit)
Okay, then.
Drink which item? (? for menu, Esc to quit)
You feel better. Something hits you!
* * * LOW HITPOINT WARNING * * *
Something corrodes you! Something hits you!
* * * LOW HITPOINT WARNING * * *
Something corrodes you!
Your iron imp closely misses something.
Something hits you.
* * * LOW HITPOINT WARNING * * *
Something corrodes you! Something hits you!
You die...

#P(♣.## #>..............
P♣♣♣♣♣.)♣♣♣ ######..........
♣..♣P♣.†)...P ##.........##
PP.........♣. #..........#
..............♣♣P###........##
................PP♣#####....#
....§.§§........P♣ ♣.....#
....§§§§.........♣♣ ##...##
.....§..÷.....@.PPP #....#
..♣.......5.....♣P♣ #....##
♣P♣...♣......♣P♣.P ######
♣.♣♣♣PP♣♣.♣♣♣♣P♣# #. ♣.P♣♣...P
# ###PP♣P♣♣P♣## ### ###


You could see a friendly iron imp.

Vanquished Creatures
  A cyclops (D:6)
  5 yaks (D:6)
  A tarantella (D:6)
  Eustachio (D:6)
  A water moccasin (D:6)
  3 sky beasts
  An orc warrior (D:7)
  A giant frog (D:6)
  An ogre (D:7)
  2 big kobolds (D:7)
  A scorpion (D:4)
  3 crimson imps
  A quasit (D:6)
  4 jellies
  Crazy Yiuf (D:2)
  2 orc priests
  2 hounds
  A centaur skeleton (D:3)
  3 orc wizards
  2 worker ants (D:6)
  A big kobold zombie (Ossuary)
  A hound zombie (D:5)
  4 mummies (Ossuary)
  7 adders
  3 oozes
  An adder skeleton (D:4)
  An adder zombie (D:7)
  2 worms (D:2)
  6 giant geckos
  19 orcs
  9 bats
  A bat skeleton (D:3)
  3 giant cockroaches
  16 hobgoblins
  9 jackals
  39 kobolds
  2 quokkas
  A giant gecko skeleton (D:4)
  14 giant newts
  A gnoll zombie (Ossuary)
  14 goblins
  4 hobgoblin zombies (Ossuary)
  An orc zombie (Ossuary)
  A quokka zombie (D:4)
  4 rats
201 creatures vanquished.

Vanquished Creatures (collateral kills)
  A steam dragon (D:6)
  An orc wizard (D:6)
  An iguana (D:6)
  4 mummies (Ossuary)
  An orc (D:3)
  A gnoll zombie (Ossuary)
  A hobgoblin (D:7)
  A goblin (D:6)
11 creatures vanquished.

Vanquished Creatures (others)
  A plant (D:7)
1 creature vanquished.

Grand Total: 213 creatures vanquished

Notes
Turn   | Place    | Note
--------------------------------------------------------------
     0 | D:1      | Gobser the Demonspawn Chaos Knight began the quest for the Orb.
     0 | D:1      | Reached XP level 1. HP: 18/18 MP: 1/1
    34 | D:1      | XOM: divination: detect items
    35 | D:1      | XOM: potion effect (agility)
    44 | D:1      | Reached skill level 1 in Dodging
   100 | D:1      | XOM: harmless Divn miscast
   265 | D:1      | XOM: butterfly on damage
   269 | D:1      | Gained mutation: A weak demonic guardian rushes to your aid. [demonic ancestry]
   269 | D:1      | Reached XP level 2. HP: 12/24 MP: 2/2
   359 | D:1      | XOM: colour smoke trail
   828 | D:1      | XOM: divination: detect creatures
   900 | D:1      | XOM: harmless Trmt miscast
  1123 | D:2      | Reached XP level 3. HP: 9/29 MP: 3/3
  1243 | D:2      | XOM: divination: detect creatures
  1389 | D:2      | Found a deep blue altar of Sif Muna.
  1591 | D:2      | Noticed Crazy Yiuf
  1600 | D:2      | Killed Crazy Yiuf
  1600 | D:2      | Reached XP level 4. HP: 13/37 MP: 4/4
  1894 | D:2      | Found a sparkling altar of Nemelex Xobeh.
  2090 | D:2      | Found a faded altar to an unknown god.
  2259 | D:2      | XOM: enchant monster (good)
  2379 | D:2      | Reached skill level 4 in Fighting
  2433 | D:3      | Gained mutation: You are slightly more attuned to the shadows. [demonic ancestry]
  2433 | D:3      | Reached XP level 5. HP: 32/42 MP: 5/5
  2438 | D:3      | Reached skill level 1 in Staves
  2474 | D:3      | XOM: scenery: create altars
  2556 | D:3      | XOM: god gift: 9 arrows of flame
  2559 | D:3      | XOM: divination: detect creatures
  2583 | D:3      | XOM: swap monsters
  2668 | D:3      | XOM: summons 2 hostile demons
  2693 | D:3      | XOM: give mutations
  2693 | D:3      | Gained mutation: Armour fits poorly on your strangely shaped body. [Xom's mischief]
  2693 | D:3      | Gained mutation: You are frail (-10% HP). [Xom's mischief]
  2693 | D:3      | Gained mutation: You occasionally shout uncontrollably at your foes. [Xom's mischief]
  2813 | D:3      | Reached skill level 1 in Stealth
  3248 | D:4      | Found Hoib's Gadget Shoppe.
  3808 | D:4      | Gained mutation: You have large cloven feet. [demonic ancestry]
  3808 | D:4      | Reached XP level 6. HP: 27/44 MP: 6/6
  3910 | D:4      | XOM: draining
  4263 | D:4      | XOM: harmless Conj miscast
  4320 | D:5      | Entered Level 5 of the Dungeon
  4435 | D:5      | Found an opulent altar of Gozag.
  4740 | D:5      | Reached skill level 5 in Fighting
  4753 | D:5      | Gained mutation: You are significantly more attuned to the shadows. [demonic ancestry]
  4753 | D:5      | Reached XP level 7. HP: 27/50 MP: 7/7
  5259 | D:6      | Found a sand-covered staircase.
  5268 | Ossuary  | Entered an ossuary
  5290 | Ossuary  | XOM: summons 7 friendly demons
  5694 | Ossuary  | Upgraded the game from 0.17-a0-1475-g9f81d98 to 0.17-a0-1479-g4041c36
  5808 | D:6      | XOM: polymorph ogre -> steam dragon
  5810 | D:6      | XOM: summons friendly crimson imp
  5811 | D:6      | Found a staircase to the Ecumenical Temple.
  5836 | D:6      | XOM: god gift: bronze wand {god gift}
  5907 | D:6      | Noticed Eustachio
  5914 | D:6      | Killed Eustachio
  5923 | D:6      | Gained mutation: You are completely attuned to the shadows. [demonic ancestry]
  5923 | D:6      | Reached XP level 8. HP: 51/57 MP: 8/8
  5940 | D:6      | XOM: destruction
  6156 | D:6      | Gained mutation: You are agile. (Dex +2) [mutagenic meat]
  6158 | D:6      | Gained mutation: Your spells are a little harder to cast, but a little more powerful. [mutagenic meat]
  6345 | D:6      | XOM: 6-stop teleportation journey
  6420 | D:6      | XOM: divination: detect items
  6522 | D:6      | Noticed a cyclops
  6533 | D:6      | Killed a cyclops
  6533 | D:6      | Reached skill level 6 in Fighting
  6533 | D:6      | Reached skill level 5 in Staves
  6757 | D:6      | XOM: divination: detect items
  6805 | D:6      | XOM: silly message
  6826 | D:6      | Reached XP level 9. HP: 15/63 MP: 9/9
  6849 | D:6      | Reached skill level 1 in Evocations
  6990 | D:6      | XOM: summons 4 hostile demons
  7125 | D:6      | Reached skill level 7 in Fighting
  7125 | D:6      | Reached skill level 5 in Dodging
  7164 | D:6      | Found a shimmering altar of Xom.
  7164 | D:6      | Found a blossoming altar of Fedhas.
  7328 | D:6      | XOM: noise
  7533 | D:7      | Learned a level 2 spell: Corpse Rot
  7562 | D:7      | XOM: summons friendly shadow imp
  8083 | D:7      | Gained mutation: Your flesh is cold resistant. [mutagenic meat]
  8084 | D:7      | Gained mutation: You can translocate small distances at will. [mutagenic meat]
  8085 | D:7      | Lost mutation: Your spells are a little harder to cast, but a little more powerful. [mutagenic meat]
  8160 | D:7      | XOM: give mutations
  8160 | D:7      | Gained mutation: You are very frail (-20% HP). [Xom's mischief]
  8160 | D:7      | Gained mutation: You are dopey. (Int -2) [Xom's mischief]
  8524 | D:7      | XOM: summons 4 hostile demons
  8525 | D:7      | Noticed a rust devil
  8547 | D:7      | Mangled by a rust devil

Vault maps used:
D:1:      lightli_molten_gateway
D:2:      lemuel_crystal_altar, ecumenical_altar_1, nemelex_dance_club_becter,
          uniq_crazy_yiuf_cottage
D:3:      minmay_lizard_king
D:4:      serial_shops, shop_coins
D:5:      grunt_gozag_breadcrumbs, first_bread, wad_floor_pattern_2
D:6:      gammafunk_temple_overflow_pools,
          minmay_temple_entry_statues_fountains,
          lightli_ossuary_entry_decrepit_ruins, small_statue_intersection,
          uniq_eustachio
D:7:      kennysheep_kobold_camp
Ossuary:  ossuary_tomb_3

Action                   |  1- 3 |  4- 6 |  7- 9 || total
-------------------------+-------+-------+-------++-------
Melee: Mace              |   106 |       |       ||   106
       Quarterstaff      |       |   208 |   251 ||   459
 Cast: Corpse Rot        |       |       |     3 ||     3
Evoke: Wand              |       |       |     5 ||     5
  Use: Potion            |     4 |     7 |    11 ||    22
       Scroll            |     6 |     7 |    12 ||    25
 Stab: Sleeping          |     1 |     4 |     9 ||    14
       Petrified         |     1 |       |       ||     1
       Paralysed         |       |     2 |     7 ||     9
       Distracted        |       |     1 |     1 ||     2
       Petrifying        |       |       |     1 ||     1
  Eat: Bread ration      |     1 |     2 |     2 ||     5
       Chunk             |       |       |     8 ||     8
       Beef jerky        |       |       |     1 ||     1
       Meat ration       |       |       |     1 ||     1
       Fruit             |       |       |     1 ||     1
